 Dungeon Crawl Stone Soup version 0.28-a0-804-g60983d4ba9 (webtiles) character file.

Game seed: 2205785249509349574

25799 porpoise the Thaumaturge (level 12, -1/68 HPs)
             Began as a Deep Elf Conjurer on Nov 8, 2021.
             Was an Elder of Vehumet.
             Succumbed to a redback's poison
             ... on level 3 of the Lair of Beasts.
             The game lasted 01:19:29 (17901 turns).

porpoise the Thaumaturge (Deep Elf Conjurer)       Turns: 17901, Time: 01:19:29

Health: -1/68      AC:  8    Str:  7    XL:     12   Next: 92%
Magic:  39/41      EV: 15    Int: 26    God:    Vehumet [****..]
Gold:   1685       SH:  5    Dex: 13    Spells: 14/39 levels left

rFire   . . .      SeeInvis .   b - +1 hunting sling (vorpal)
rCold   . . .      Faith    .   (no shield)
rNeg    . . .      Spirit   .   v - +2 robe of the Gloaming {rElec Regen+ Archmagi}
rPois   .          Reflect  +   G - +0 hat
rElec   +          Harm     .   B - +1 cloak
rCorr   .          Rampage  .   c - +0 pair of gloves
Will    ++...      Archmagi +   w - +0 pair of boots
Stlth   +++.......              p - amulet of reflection
HPRegen 1.21/turn               l - ring of magical power
MPRegen 0.27/turn               e - ring of willpower

@: lethally poisoned (-1 -> -22)
A: no striking features
a: Renounce Religion


You were on level 3 of the Lair of Beasts.
You worshipped Vehumet.
Vehumet was greatly pleased with you.
You visited 3 branches of the dungeon, and saw 14 of its levels.

You collected 1685 gold pieces.

Inventory:

Hand Weapons
 a - a +1 whip of electrocution
 b - a +1 vorpal hunting sling (weapon)
Missiles
 d - 350 stones
 i - 20 poisoned darts
 n - a curare-tipped dart (quivered)
 o - 99 sling bullets (quivered ammo)
 t - 2 silver javelins
Armour
 c - a +0 pair of gloves (worn)
 v - the +2 robe of the Gloaming (worn) {rElec Regen+ Archmagi}
   (You took it off a skeletal warrior on level 8 of the Dungeon)

   rElec:     It insulates you from electricity.
   Regen:     It increases your rate of health regeneration.
   Archmagi:  It increases the power of your magical spells.
 w - a +0 pair of boots (worn)
 B - a +1 cloak (worn)
 G - a +0 hat (worn)
Magical Staves
 q - a staff of cold
Jewellery
 e - a ring of willpower (right hand)
 g - a ring of protection from fire
 h - a ring of protection from cold
 l - a ring of magical power (left hand)
 p - an amulet of reflection (around neck)
 u - a ring of poison resistance
 K - a ring of resist corrosion
 V - a ring of positive energy
Wands
 C - a wand of acid (20)
 E - a wand of mindburst (24)
 M - a wand of polymorph (9)
 N - a wand of iceblast (13)
 U - a wand of flame (16)
Scrolls
 m - a scroll of vulnerability
 x - a scroll of identify
 D - 6 scrolls of teleportation
 Z - 2 scrolls of fear
Potions
 f - 2 potions of lignification
 j - 2 potions of resistance
 k - 5 potions of heal wounds
 r - 3 potions of cancellation
 s - a potion of ambrosia
 A - 7 potions of curing
 H - a potion of haste
 W - a potion of attraction
 X - a potion of invisibility
Miscellaneous
 O - a condenser vane


   Skills:
 - Level 5.0 Fighting
 - Level 7.0 Dodging
 - Level 7.0 Stealth
 - Level 14.0 Spellcasting
 - Level 9.0 Conjurations
 - Level 9.0 Hexes
 + Level 8.6 Necromancy
 + Level 8.8 Translocations
 - Level 7.0 Transmutations
 + Level 3.2 Poison Magic
 - Level 5.0 Evocations


You had 14 spell levels left.
You knew the following spells:

 Your Spells              Type           Power      Damage    Failure   Level
a - Magic Dart            Conj           100%       1d8       1%          1
b - Searing Ray           Conj           100%       2d8       1%          2
c - Fulminant Prism       Conj/Hex       39%        3d18      1%          4
d - Iskenderun's Mystic   Conj/Tloc      77%        2d15      1%          4
l - Sublimation of Blood  Necr           76%        N/A       1%          2
o - Olgreb's Toxic Radia  Pois           51%        N/A       2%          4
r - Irradiate             Conj/Tmut      37%        3d25      1%          5
s - Stone Arrow           Conj/Erth      100%       3d13      1%          3

Your spell library contained the following spells:

 Spells                   Type           Power      Damage    Failure   Level
 Animate Skeleton         Necr           100%       N/A       1%          1
 Apportation              Tloc           100%       N/A       1%          1
 Freeze                   Ice            100%       1d11      1%          1
 Corpse Rot               Necr/Air       100%       N/A       1%          2
 Ensorcelled Hibernation  Hex/Ice        100%       N/A       1%          2
 Poisonous Vapours        Pois/Air       78%        N/A       1%          2
 Static Discharge         Conj/Air       58%        N/A       1%          2
 Dazzling Flash           Conj/Hex       100%       N/A       1%          3
 Spider Form              Tmut/Pois      61%        N/A       1%          3
 Animate Dead             Necr           38%        N/A       1%          4
 Dispel Undead            Necr           76%        3d25      1%          4
 Hailstorm                Conj/Ice       58%        3d13      1%          4
 Sticky Flame             Conj/Fire      58%        2d7       1%          4
 Frozen Ramparts          Ice            54%        1d7       2%          3
 Summon Small Mammal      Summ           100%       N/A       3%          1
 Lightning Bolt           Conj/Air       29%        1d45      3%          5
 Petrify                  Tmut/Erth      53%        N/A       7%          4
 Airstrike                Air            13%        N/A       9%          4
 Metabolic Englaciation   Hex/Ice        29%        N/A       13%         5
 Summon Lightning Spire   Summ/Air       27%        N/A       30%         4
 Statue Form              Tmut/Erth      35%        N/A       73%         6
 Haunt                    Necr/Summ      28%        N/A       99%         7
 Infestation              Necr           38%        N/A       99%         8


Dungeon Overview and Level Annotations

Branches:
Dungeon (10/15)            Temple (1/1) D:6            Lair (3/6) D:9
  Swamp: Lair:2-4    Shoals: Lair:2-4     Snake: Lair:2-4    Spider: Lair:2-4
    Orc: D:9-12

Altars:
Ashenzari
Cheibriados
Dithmenos
Elyvilon
Fedhas
Gozag
Hepliaklqana
Kikubaaqudgha
Makhleb
Nemelex Xobeh
Ru
Sif Muna
Trog
Uskayaw
Vehumet
Wu Jian
Xom
Yredelemnul
Zin
The Shining One

Annotations:
D:5 3 runed translucent doors, ALWAYSlose's ghost, amateur OgBe; Leeroy's ghost, novice DrTm
Lair:2 1 runed translucent door, mdk's ghost, journeyman DDFi


Message History

The blast of energy engulfs the fungus!!
The fungus begins to die.
The fungus is lightly damaged.
The blast of energy engulfs the wolf spider!!!
The wolf spider is almost dead.
You hear an angry hiss.
Casting: Fulminant Prism (safe; 1% risk of failure)
Confirm with . or Enter, or press ? or * to list all spells.
You feel a surge of power!
You erupt in a blast of force!
The mystic blast hits the fungus!!
The fungus is moderately damaged.
The mystic blast hits the wolf spider!!
You kill the wolf spider!
Vehumet accepts your kill.
You feel your power returning.
You hear an angry hiss.
A redback comes into view.
A jumping spider comes into view.
The jumping spider leaps!
A jumping spider comes into view.
The jumping spider leaps!
You see here a blink frog corpse.
The redback bites you.
You are lethally poisoned!
The redback poisons you!
* * * LOW HITPOINT WARNING * * *
You feel extremely sick.
* * * LOW HITPOINT WARNING * * *
You feel extremely sick. The redback closely misses you. x2
Casting: Iskenderun's Mystic Blast (safe; 1% risk of failure)
Confirm with . or Enter, or press ? or * to list all spells.
You feel a surge of power!
You erupt in a blast of force!
The mystic blast hits the redback!!
The redback is severely wounded.
The redback is knocked back by the mystic blast.
The redback slams into the rock wall!
You kill the redback!
Vehumet accepts your kill.
You feel your power returning.
You die...

...............### #
...###...........## ^####
....##......†.....##.....#
...##..............#.○....
..####.............†....#
### #.####...†....##P###
### #........## #
#....†.††# #......@.#
##.......# Y ##.......# ..
#P.......# Y.. ##.......#
.... #.......## ####.....
#.......P######...†....
.........................
....####.#...............


There were no monsters in sight!

Vanquished Creatures
  3 hydras
  A boulder beetle (D:8)
  2 two-headed ogres
  A skeletal warrior (D:8)
  Pikel (D:6)
  A wolf spider (Lair:3)
  An ugly thing (D:8)
  A cyclops (D:8)
  3 black mambas (Lair:1)
  9 cane toads
  4 komodo dragons
  2 trolls
  A meliai (D:8)
  2 polar bears
  A hornet (D:8)
  18 blink frogs
  A slime creature (D:8)
  A redback (Lair:3)
  Sigmund (D:5)
  A shadow (D:8)
  Eustachio (D:5)
  6 wyverns
  17 yaks
  A steam dragon (D:8)
  2 basilisks
  Menkaure (D:5)
  2 acid dragons
  4 water moccasins
  2 black bears
  A sky beast (D:7)
  5 orc warriors
  A sky beast (shapeshifter) (D:10)
  2 necrophages
  4 centaurs
  17 wolves (Lair:2)
  A phantom (D:5)
  3 kobold brigands
  A gnoll sergeant (D:10)
  8 bullfrogs
  3 scorpions
  A wyvern zombie (D:8)
  5 killer bees (D:10)
  4 howler monkeys (D:8)
  A gnoll shaman (D:7)
  4 centaur zombies
  4 jellies
  2 hounds
  13 orc priests
  A bullfrog skeleton (D:6)
  A centaur skeleton (D:7)
  An iron imp (D:5)
  5 iguanas
  8 orc wizards
  A killer bee zombie (D:6)
  A hound zombie (D:5)
  A howler monkey zombie (D:5)
  21 gnolls
  10 adders
  3 shadow imps
  A white imp (D:7)
  An ufetubus (D:7)
  2 adder skeletons (D:4)
  A worm (D:2)
  47 orcs
  10 ball pythons
  7 bats
  5 endoplasms
  4 giant cockroaches (D:1)
  6 goblins
  2 hobgoblins
  12 jackals
  2 frilled lizards (D:3)
  14 kobolds
  A rat (D:1)
339 creatures vanquished.

Vanquished Creatures (others)
  5 bushes (Lair:1)
  82 fulminant prisms
  14 fungi
  24 plants
  6 withered plants (D:5)
131 creatures vanquished.

Grand Total: 470 creatures vanquished

Notes
Turn   | Place    | Note
-------+----------+-------------------------------------------
     0 | D:1      | porpoise the Deep Elf Conjurer began the quest for the Orb.
     0 | D:1      | Reached XP level 1. HP: 10/10 MP: 6/6
   242 | D:1      | Reached XP level 2. HP: 15/15 MP: 5/8
   245 | D:1      | Learned a level 2 spell: Searing Ray
  1186 | D:2      | Reached skill level 4 in Spellcasting
  1282 | D:2      | Reached skill level 5 in Conjurations
  1282 | D:2      | Reached XP level 3. HP: 19/19 MP: 10/10
  1608 | D:2      | Reached XP level 4. HP: 24/24 MP: 12/12
  1641 | D:2      | Learned a level 4 spell: Fulminant Prism
  1663 | D:2      | Learned a level 4 spell: Iskenderun's Mystic Blast
  1866 | D:2      | Reached skill level 1 in Hexes
  2044 | D:3      | Reached skill level 5 in Spellcasting
  2158 | D:3      | Found a faded altar of an unknown god.
  2494 | D:3      | Found a hazy altar of Hepliaklqana.
  2649 | D:3      | Reached XP level 5. HP: 28/28 MP: 15/15
  2834 | D:3      | Reached skill level 6 in Spellcasting
  3245 | D:4      | Reached XP level 6. HP: 28/32 MP: 17/17
  3476 | D:4      | Found a basalt altar of Yredelemnul.
  3648 | D:4      | Reached skill level 7 in Spellcasting
  3648 | D:4      | Reached skill level 5 in Hexes
  4561 | D:4      | Reached skill level 1 in Translocations
  4624 | D:5      | Entered Level 5 of the Dungeon
  4675 | D:5      | Noticed Menkaure
  4693 | D:5      | Killed Menkaure
  4694 | D:5      | Reached XP level 7. HP: 30/36 MP: 18/19
  4809 | D:5      | Found a snail-covered altar of Cheibriados.
  5281 | D:5      | Noticed Sigmund
  5295 | D:5      | Killed Sigmund
  5467 | D:5      | Reached XP level 8. HP: 39/41 MP: 20/20
  5563 | D:5      | Found a runed translucent gate.
  5563 | D:5      | Found a runed translucent gate.
  5563 | D:5      | Found a runed translucent gate.
  5564 | D:5      | Noticed Leeroy's ghost (novice DrTm)
  5565 | D:5      | Noticed ALWAYSlose's ghost (amateur OgBe)
  5585 | D:5      | Reached skill level 5 in Translocations
  5706 | D:5      | Noticed Eustachio
  5712 | D:5      | Killed Eustachio
  5721 | D:5      | Reached skill level 8 in Spellcasting
  5812 | D:5      | Found a hide-covered altar of Uskayaw.
  6443 | D:6      | Found a staircase to the Ecumenical Temple.
  6481 | Temple   | Entered the Ecumenical Temple
  6542 | Temple   | Became a worshipper of Vehumet
  6923 | D:6      | Reached skill level 9 in Spellcasting
  7085 | D:6      | Noticed Pikel
  7096 | D:6      | Killed Pikel
  7097 | D:6      | Reached XP level 9. HP: 26/49 MP: 15/24
  8859 | D:8      | Paralysed by a hornet for 1 turns
  8882 | D:8      | Reached * piety under Vehumet
  8882 | D:8      | Offered knowledge of Sandblast by Vehumet.
  9053 | D:8      | Reached skill level 10 in Spellcasting
  9172 | D:8      | Noticed a meliai
  9175 | D:8      | Killed a meliai
  9176 | D:8      | Reached skill level 5 in Fighting
  9179 | D:8      | Reached skill level 11 in Spellcasting
  9282 | D:8      | Identified the +2 robe of the Gloaming {rElec Regen+
                  | Archmagi}
  9282 | D:8      | Noticed a skeletal warrior
  9284 | D:8      | Identified the +2 great sword of Death {speed, rF+ Int-5
                  | SInv}
  9291 | D:8      | Reached XP level 10. HP: 50/59 MP: 1/27
  9497 | D:8      | Noticed a boulder beetle
  9514 | D:8      | Killed a boulder beetle
  9515 | D:8      | Reached skill level 12 in Spellcasting
  9698 | D:8      | Noticed a cyan ugly thing
  9716 | D:8      | Killed a cyan ugly thing
  9887 | D:8      | Noticed a cyclops
  9916 | D:8      | Killed a cyclops
  9917 | D:8      | Reached skill level 5 in Dodging
 10185 | D:8      | Killed a skeletal warrior
 10368 | D:8      | Reached ** piety under Vehumet
 10368 | D:8      | Offered knowledge of Shock by Vehumet.
 10880 | D:9      | Noticed a two-headed ogre
 10888 | D:9      | Killed a two-headed ogre
 11113 | D:9      | Found a shimmering blue altar of Sif Muna.
 11176 | D:9      | Found a shimmering altar of Xom.
 11293 | D:9      | Reached skill level 1 in Evocations
 11617 | D:9      | Reached XP level 11. HP: 63/63 MP: 20/29
 11997 | D:9      | Learned a level 2 spell: Sublimation of Blood
 12037 | D:9      | Found a staircase to the Lair.
 12449 | D:9      | Learned a level 5 spell: Irradiate
 12467 | D:10     | Entered Level 10 of the Dungeon
 12550 | D:10     | Found a burning altar of Makhleb.
 12627 | D:10     | Noticed a two-headed ogre
 12633 | D:10     | Killed a two-headed ogre
 12714 | D:10     | Offered knowledge of Stone Arrow by Vehumet.
 13559 | Lair:1   | Entered Level 1 of the Lair of Beasts
 13587 | Lair:1   | Reached skill level 13 in Spellcasting
 13587 | Lair:1   | Reached skill level 5 in Evocations
 13592 | Lair:1   | Learned a level 3 spell: Stone Arrow
 13692 | Lair:1   | Reached *** piety under Vehumet
 13882 | Lair:1   | Noticed a four-headed hydra
 13888 | Lair:1   | Killed a four-headed hydra
 13889 | Lair:1   | Reached skill level 5 in Stealth
 13889 | Lair:1   | Reached skill level 14 in Spellcasting
 14068 | Lair:1   | Reached skill level 1 in Transmutations
 14310 | Lair:1   | Offered knowledge of Inner Flame by Vehumet.
 14476 | Lair:1   | Noticed an eight-headed hydra
 14486 | Lair:1   | Killed an eight-headed hydra
 14487 | Lair:1   | Reached skill level 1 in Necromancy
 14609 | Lair:1   | Reached XP level 12. HP: 59/68 MP: 32/32
 14723 | Lair:1   | Reached skill level 5 in Transmutations
 14850 | Lair:1   | Reached skill level 5 in Necromancy
 15077 | Lair:1   | Found a hazy altar of Hepliaklqana.
 15776 | Lair:2   | Identified a scroll of acquirement
 15776 | Lair:2   | Acquired 966 gold pieces
 15968 | Lair:2   | Reached **** piety under Vehumet
 16010 | Lair:2   | Found a runed translucent door.
 16011 | Lair:2   | Found a shimmering altar of Xom.
 16011 | Lair:2   | Noticed mdk's ghost (journeyman DDFi)
 17004 | Lair:3   | Offered knowledge of Olgreb's Toxic Radiance by Vehumet.
 17152 | Lair:3   | Learned a level 4 spell: Olgreb's Toxic Radiance
 17298 | Lair:3   | Reached skill level 1 in Poison Magic
 17492 | Lair:3   | Noticed a five-headed hydra
 17500 | Lair:3   | Killed a five-headed hydra
 17901 | Lair:3   | Succumbed to a redback's poison

Illustrated notes

Levels and vault maps discovered:
D:1:      dpeg_arrival_stone_temple_mockup, layout_loops_ring, serial_glass,
          glass_columns_b, glass_columns_a, columned_hall_lemuel
D:2:      layout_loops_cross, minmay_octomino_e4
D:3:      layout_basic, mainiacjoe_overflow_catwalk,
          ebering_ecumenical_altar_mist
D:4:      layout_loops_corners, mainiacjoe_overflow_cross_hatched
D:5:      layout_basic, slow_altar_1, mainiacjoe_overflow_boulevard,
          gammafunk_ghost_cemetery, hangedman_decor_push, uniq_menkaure,
          uniq_eustachio, uniq_sigmund
D:6:      layout_layer_cave, lemuel_temple_firewalk_b, uniq_pikel
D:7:      layout_loops_ring
D:8:      layout_loops_cross, minmay_the_grid_2x2
          [minmay_the_grid_minigrid_small_alt, minmay_the_grid_medium_cups,
          minmay_the_grid_small_cups,
          minmay_the_grid_prize_four_corners_diamond_b]
D:9:      layout_basic, xom_butterflies, lemuel_tele_altar, erik_lair_dragon,
          minmay_liquid_box
D:10:     layout_basic, lightli_temple_of_fire
Temple:   regret_index_temple_waves
Lair:1:   cheibrodos_lair_river_kwai, layout_chaotic_city, basic_altar,
          minmay_hedge_maze, grunt_megastairs_1
Lair:2:   layout_regular_city, ebering_ghost_xom, gauntlet_entry_generic,
          grunt_forest_large_clearings, grunt_megastairs_5, serial_bayou_shore_b
Lair:3:   layout_cellular_growth, palyth_hydra_swamp_entry,
          spider_nest_entry_funnel_web, grunt_megastairs_4, lemuel_fruit_fields

Skill      XL: |  1  2  3  4  5  6  7  8  9 10 11 12 |
---------------+-------------------------------------+-----
Spellcasting   | 4 5 6 7 9 11 12 14 | 14.0
Conjurations   | 5 7 8 9 |  9.0
Hexes          | 2 4 6 7 9 |  9.0
Translocations | 2 4 6 7 8 |  8.8
Fighting       | 2 5 |  5.0
Dodging        | 7 |  7.0
Evocations     | 2 5 |  5.0
Stealth        | 7 |  7.0
Transmutations | 4 7 |  7.0
Necromancy     | 2 8 |  8.6
Poison Magic   | 3 |  3.2

Action                   |  1- 3 |  4- 6 |  7- 9 | 10-12 || total
-------------------------+-------+-------+-------+-------++-------
 Fire: Hunting sling     |    11 |    31 |    65 |   127 ||   234
Throw: Dart              |       |       |       |     1 ||     1
 Cast: Magic Dart        |    49 |    29 |       |       ||    78
       Searing Ray       |     4 |    35 |    75 |    90 ||   204
       Fulminant Prism   |       |     2 |     8 |    72 ||    82
       Iskenderun's Myst |       |       |     9 |    58 ||    67
       Stone Arrow       |       |       |       |    21 ||    21
       Irradiate         |       |       |       |     3 ||     3
Evoke: Wand              |       |       |     1 |     6 ||     7
  Use: Scroll            |       |     6 |    11 |    10 ||    27
       Potion            |       |       |     2 |       ||     2
Armor: Robe              |       |       |     9 |    22 ||    31
Dodge: Dodged            |     5 |     7 |    34 |    59 ||   105
Block: Other             |       |     4 |    11 |    27 ||    42
       Reflection        |       |     1 |     3 |     1 ||     5

Table legend: (Time is in decaauts)
 A = Elapsed time spent in this place.
 B = Non-inter-level travel time spent in this place.
 C = Inter-level travel time spent in this place.
 D = Time resting spent in this place.
 E = Time spent auto-exploring this place.
 F = Levels seen in this place.
 G = Mean time per level.
                   A        B        C        D        E       F      G
               +--------+--------+--------+--------+--------+-----+--------+
         Total |  17952 |  17373 |    579 |   7456 |   7596 |  14 | 1282.3 |
       Dungeon |  13481 |  13050 |    431 |   5323 |   6026 |  10 | 1348.1 |
        Temple |    108 |     61 |     47 |      0 |     43 |   1 |  108.0 |
          Lair |   4361 |   4261 |    100 |   2133 |   1527 |   3 | 1453.7 |
               +--------+--------+--------+--------+--------+-----+--------+

Top non-repeatable levels by time:
  Lair:1: 2163 daAuts
     D:8: 2153 daAuts
     D:9: 1589 daAuts
     D:6: 1519 daAuts
     D:4: 1392 daAuts
     D:5: 1385 daAuts
  Lair:2: 1258 daAuts
     D:3: 1213 daAuts
     D:7: 1188 daAuts
     D:2: 1065 daAuts
    D:10: 1019 daAuts
     D:1: 954 daAuts
  Lair:3: 939 daAuts
  Temple: 108 daAuts
